Map: Ulrena

Players

zidar

  • Race: Zerg Zerg
  • League: Silver
  • Spawn Location: 11:00

Search - Winner!

  • Race: Terran Terran
  • League: Silver
  • Spawn Location: 7:00

VOD

Have the link to the VOD?

Description

Time

  • Played on: Feb. 18, 2016, 1:38 p.m.
  • Length: 18:42
Show
View Real Time Build Order
Export as new Build Order

zidar Zerg 

Build Orders: Pool First, Muta Ling Bane 

Get SALT Encoding   

  12  0:02  Drone  
  13  0:12  Overlord  
  13  0:17  Drone  
  14  0:31  Drone x2  
  16  0:40  Drone  
  17  0:50  Spawning Pool, Drone  
  17  1:15  Drone  
  18  1:19  Extractor  
  18  1:20  Hatchery  
  18  1:21  Drone  
  17  1:29  Drone  
  18  1:49  Queen  
  21  1:54  Zergling x4  
  21  1:57  Overlord  
  22  2:18  Drone  
  22  2:20  Drone  
  24  2:27  Queen  
  25  2:55  Zergling x2  
  25  2:56  Zergling x2  
  27  3:22  Hatchery  
  27  3:24  Roach Warren  
  25  3:28  Drone  
  25  3:29  Drone x7  
  25  3:33  Extractor  
  32  3:59  Baneling Nest  
  31  4:03  Lair  
  31  4:04  Pneumatized Carapace  
  31  4:09  Drone x2  
  33  4:28  Overlord x3  
  32  4:46  Queen  
  32  4:47  Roach x5  
  32  4:50  Zergling x2  
  45  4:55  Metabolic Boost  
  45  5:10  Ravager  
  45  5:12  Ravager  
  47  5:14  Ravager  
  47  5:18  Roach  
  47  5:19  Roach x2, Zergling x2  
  47  5:20  Zergling x4  
  57  5:35  Extractor  
  57  5:37  Extractor  
  55  5:48  Drone x7  
  55  5:49  Overseer  
  62  5:51  Drone  
  62  5:52  Drone  
  44  6:24  Roach  
  44  6:25  Roach x8  
  62  6:41  Drone x4  
  66  6:56  Evolution Chamber  
  66  6:58  Overlord x3  
  66  6:59  Overlord  
  54  7:29  Spire  
  53  7:32  Drone x9  
  62  8:03  Drone x4  
  67  8:05  Zergling x2  
  67  8:06  Zergling x20  
  67  8:12  Centrifical Hooks  
  77  8:19  Drone x2  
  79  8:29  Baneling x7  
  79  8:44  Evolution Chamber  
  71  9:08  Mutalisk x7  
  85  9:14  Queen  
  85  9:16  Drone x3  
  90  9:30  Zerg Melee Weapons Level 1  
  90  9:34  Overlord  
  90  9:35  Overlord  
  90  9:49  Baneling  
  90  9:50  Baneling x2  
  90  9:55  Zergling x2  
  90  9:56  Zergling x16  
  99  10:02  Drone x3  
  100  10:24  Drone  
  100  10:25  Drone x5  
  106  10:34  Overlord x2  
  106  10:35  Overlord  
  106  10:39  Zerg Ground Armor Level 1  
  106  10:44  Baneling  
  106  10:45  Baneling  
  106  10:46  Baneling  
  106  10:47  Baneling x2  
  106  10:56  Infestation Pit  
  105  11:02  Zergling x2  
  105  11:03  Zergling x20  
  116  11:06  Baneling  
  116  11:07  Baneling x4  
  116  12:00  Zergling x8  
  116  12:01  Zergling x8  
  124  12:05  Zerg Melee Weapons Level 2  
  123  12:33  Queen  
  123  12:36  Hatchery, Zerg Ground Armor Level 2  
  107  13:01  Zergling x2  
  107  13:02  Zergling x14  
  107  13:03  Zergling x8  
  107  13:04  Zergling x2  
  120  13:10  Hive  
  120  13:17  Drone x10  
  130  13:21  Overlord x4  
  130  13:22  Overlord  
  130  13:37  Extractor  
  129  13:41  Extractor  
  128  13:57  Baneling  
  128  13:58  Baneling x11  
  128  14:01  Mutalisk  
  128  14:02  Mutalisk x5  
  140  14:27  Overlord x2  
  140  14:28  Overlord  
  140  14:47  Adrenal Glands  
  140  14:48  Ultralisk Cavern  
  140  14:50  Zerg Melee Weapons Level 3  
  139  15:16  Zerg Ground Armor Level 3  
  139  15:35  Chitinous Plating  
  139  15:40  Drone x6  
  46  16:44  Ultralisk x2  
  46  16:45  Ultralisk x2  
  58  17:31  Ultralisk  
  58  17:32  Ultralisk  
  69  17:43  Ultralisk  
Show
View Real Time Build Order
Export as new Build Order

Search Terran - Winner!

Build Orders: Gas First Reaper Expand 

Get SALT Encoding   

  12  0:00  SCV  
  13  0:13  SCV  
  14  0:18  Supply Depot  
  14  0:25  SCV  
  15  0:35  Refinery  
  15  0:40  SCV  
  16  0:45  Barracks  
  16  0:52  SCV  
  17  1:07  SCV  
  18  1:39  Reaper  
  19  1:43  Barracks  
  19  1:49  Command Center  
  19  1:58  Supply Depot  
  19  1:59  SCV  
  20  2:28  Factory, Barracks Reactor  
  20  2:53  Orbital Command  
  20  2:55  Barracks Reactor  
  20  2:58  Barracks Tech Lab  
  20  2:59  Engineering Bay  
  20  3:04  SCV  
  21  3:10  Bunker  
  21  3:14  Marine x2  
  21  3:17  Factory Tech Lab, SCV  
  24  3:22  Starport  
  24  3:26  SCV  
  25  3:38  Marine  
  25  3:39  Marine  
  27  3:46  SCV  
  28  3:50  Refinery  
  28  3:51  SCV  
  28  3:52  Refinery  
  29  3:58  SCV  
  29  4:00  Siege Tank  
  33  4:03  Marine, SCV  
  35  4:12  SCV  
  35  4:15  SCV  
  37  4:25  SCV  
  37  4:28  SCV  
  39  4:33  Starport Reactor  
  39  4:35  Marine x2  
  39  4:37  Combat Shield  
  39  4:38  SCV  
  42  4:53  Marine x2  
  42  4:56  SCV  
  45  5:03  Supply Depot  
  45  5:06  Supply Depot  
  45  5:08  SCV  
  45  5:11  Terran Infantry Weapons Level 1  
  46  5:24  Marine x2  
  46  5:25  SCV x2, Siege Tank  
  46  5:28  Supply Depot  
  53  5:30  Marauder  
  55  5:37  SCV, Medivac  
  55  5:42  Marine x2  
  60  5:50  Supply Depot  
  60  5:56  SCV  
  61  6:00  Marine x2  
  61  6:02  Marauder, Siege Tank  
  68  6:04  Medivac  
  64  6:26  Factory  
  64  6:27  SCV  
  64  6:28  SCV  
  66  6:35  Supply Depot  
  66  6:36  Siege Tank  
  66  6:38  Medivac  
  74  6:40  Marine, Marauder, SCV x2  
  74  6:41  Marine  
  77  6:56  Viking  
  77  6:57  Supply Depot  
  79  7:26  Marine x2  
  79  7:28  Marauder  
  83  7:31  Viking x2  
  83  7:33  Siege Tank  
  83  7:35  Factory Tech Lab  
  90  7:44  Marine x2  
  90  7:45  Refinery, SCV  
  93  7:52  Supply Depot  
  93  7:54  Armory  
  93  7:57  SCV  
  94  8:13  Siege Tank  
  94  8:14  Marine, Marauder  
  94  8:15  Marine  
  94  8:18  Barracks  
  101  8:26  Supply Depot  
  101  8:32  Marine  
  102  8:47  Marine, Viking x2  
  102  8:48  Marauder, Supply Depot  
  109  8:50  Marine  
  110  9:05  Marine  
  110  9:26  Barracks  
  110  9:28  Barracks Tech Lab  
  110  9:29  Siege Tank  
  110  9:30  Medivac x2  
  117  9:33  Marine  
  117  9:36  Supply Depot  
  118  9:38  Supply Depot  
  118  9:42  Supply Depot  
  118  9:50  Command Center  
  118  9:57  Marine, Siege Tank  
  118  9:59  Supply Depot  
  122  10:05  Siege Tank  
  125  10:12  Viking x2  
  129  10:19  Terran Vehicle Weapons Level 1  
  129  10:21  Armory  
  120  10:34  Supply Depot  
  120  10:41  Refinery  
  120  10:42  Viking x2  
  124  10:44  Refinery  
  124  10:45  SCV  
  125  10:50  Thor  
  125  10:56  Thor  
  137  10:57  SCV, Supply Depot  
  137  10:59  Marine x2  
  137  11:02  Barracks Reactor  
  140  11:16  Marine  
  140  11:17  Marine  
  142  11:20  SCV  
  142  11:22  Orbital Command  
  143  11:27  SCV  
  145  11:39  SCV  
  146  11:40  Planetary Fortress  
  146  11:44  Thor  
  151  11:47  Terran Vehicle And Ship Armor Level 1  
  151  11:48  Viking  
  151  11:49  Viking  
  155  11:55  Marine x2  
  157  12:07  Supply Depot  
  157  12:08  Terran Infantry Weapons Level 2  
  157  12:13  Marine x2, Terran Vehicle Weapons Level 2  
  159  12:18  Viking  
  161  12:30  Supply Depot  
  161  12:31  Marine x2  
  161  12:35  Thor  
  161  12:36  Thor  
  165  13:02  Viking x2  
  169  13:18  Thor  
  175  13:32  Viking x2  
  179  13:35  Command Center  
  179  13:41  Terran Ship Weapons Level 1  
  179  13:44  Thor  
  185  13:54  Refinery  
  185  14:05  Marine x2  
  185  14:08  Marine x2  
  189  14:10  Supply Depot  
  189  14:19  Thor  
  189  14:20  Refinery  
  189  14:23  Marine x2  
  197  14:24  Terran Infantry Armor Level 1  
  197  14:41  Marine x2  
  199  15:03  Marine  
  200  15:11  Concussive Shells  
  200  15:30  Terran Vehicle Weapons Level 3  
  200  15:35  Terran Vehicle And Ship Armor Level 2  
  200  16:11  Factory  
  200  16:14  Factory  
  137  16:43  Thor  
  137  16:44  Thor  
  137  16:45  Marine x4  
  137  16:46  Marine, Marauder  
  156  17:03  Marine x4  
  156  17:04  Marauder  
  156  17:07  Marauder  
  164  17:17  Factory Tech Lab  
  164  17:21  Marine x2  
  166  17:24  Factory Tech Lab  
  166  17:26  Marauder, Thor x2  
  166  17:29  Marauder  
  182  17:47  Marauder  
  184  18:08  Marine  
Tags
 
Add a new tag
Caveats
  • Supply blocks, unpowered buildings, or Contaminate may cause inaccurate times.
  • Supply counts are checked every 10 seconds.